 Dungeon Crawl Stone Soup version 0.28-a0-1629-gf728b707aa (webtiles) character file.

Game seed: 10120007011217679429

17823 Rennog the Thaumaturge (level 12, -6/83 HPs)
             Began as a Demonspawn Hedge Wizard on Jan 25, 2022.
             Was an Elder of Sif Muna.
             Mangled by a cane toad (11 damage)
             ... on level 3 of the Lair of Beasts.
             The game lasted 01:00:17 (20407 turns).

Rennog the Thaumaturge (Demonspawn Hedge Wizard)   Turns: 20407, Time: 01:00:17

Health: -6/83      AC: 13    Str:  9 (10) XL:     12   Next: 22%
Magic:  14/24      EV: 12    Int: 21      God:    Sif Muna [****..]
Gold:   378        SH:  4    Dex: 10 (13) Spells: 11/33 levels left

rFire   . . .      SeeInvis .   A - staff of air
rCold   . . .      Faith    .   (no shield)
rNeg    + . .      Spirit   .   b - +0 robe
rPois   .          Reflect  .   c - +0 hat
rElec   +          Harm     .   (no cloak)
rCorr   .          Rampage  .   (no gloves)
Will    .....                   F - +0 pair of boots "Foag" {Contam rN+ Slay+6}
Stlth   ++........              (no amulet)
HPRegen 0.23/turn               l - +4 ring of protection
MPRegen 0.19/turn               I - +4 ring of slaying

@: very slightly contaminated
A: antennae 2, molten scales 1, demonic guardian 2, icemail 1, condensation
shield, deterioration 2, low mp 1, screaming 1
a: Renounce Religion, Channel Magic, Forget Spell, Divine Exegesis


You were on level 3 of the Lair of Beasts.
You worshipped Sif Muna.
Sif Muna was greatly pleased with you.
You visited 3 branches of the dungeon, and saw 16 of its levels.
You also visited: Ossuary.

You collected 801 gold pieces.
You spent 423 gold pieces at shops.

Inventory:

Missiles
 a - a throwing net
Armour
 b - a +0 robe (worn)
 c - a +0 hat (worn)
 h - a +0 pair of boots
 z - an orb of light
 F - the +0 pair of boots "Foag" (worn) {Contam rN+ Slay+6}
   (You bought it in a shop on level 8 of the Dungeon)

   Slay:      It affects your accuracy & damage with ranged weapons and melee
   (+6).
   rN:        It protects you from negative energy.
   Contam:    It causes magical contamination when unequipped.
Magical Staves
 A - a staff of air (weapon)
Jewellery
 g - a ring of protection from cold
 l - a +4 ring of protection (left hand)
 y - a ring of protection from cold
 H - an amulet of guardian spirit
 I - a +4 ring of slaying (right hand)
 P - a ring of poison resistance
Wands
 E - a wand of mindburst (11)
 N - a wand of digging (7)
Scrolls
 e - 4 scrolls of noise
 i - 2 scrolls of teleportation
 m - 2 scrolls of vulnerability
 n - 3 scrolls of fog
 o - 3 scrolls of magic mapping
 p - 4 scrolls of amnesia
 t - a scroll of brand weapon
 G - a scroll of enchant weapon {unknown}
 K - 2 scrolls of immolation {unknown}
 M - a scroll of fear {unknown}
 O - a scroll of identify
Potions
 d - 5 potions of berserk rage
 f - 5 potions of curing
 j - a potion of heal wounds {unknown}
 k - 4 potions of resistance
 q - a potion of ambrosia {unknown}
 r - 3 potions of cancellation
 s - 2 potions of lignification {unknown}
 u - a potion of experience {unknown}
 v - 6 potions of brilliance
 w - 4 potions of flight
 x - 5 potions of degeneration
 B - 2 potions of invisibility {unknown}
 C - a potion of magic {unknown}
 D - a potion of mutation {unknown}
 J - a potion of might {unknown}
 L - a potion of attraction {unknown}


   Skills:
 - Level 4.1 Fighting
 - Level 6.0 Staves
 - Level 1.7 Dodging
 - Level 1.7 Stealth
 * Level 11.1 Spellcasting
 - Level 6.8 Conjurations
 - Level 1.0 Summonings
 - Level 0.8 Translocations
 - Level 11.0 Air Magic
 * Level 6.5 Invocations


You had 11 spell levels left.
You knew the following spells:

 Your Spells              Type           Power      Damage    Failure   Level
a - Magic Dart            Conj           100%       1d8       1%          1
b - Call Imp              Summ           15%        N/A       6%          2
c - Mephitic Cloud        Conj/Pois/Air  53%        N/A       1%          3
d - Static Discharge      Conj/Air       65%        N/A       1%          2
e - Blink                 Tloc           30%        N/A       6%          2
f - Summon Lightning Spi  Summ/Air       53%        N/A       4%          4
g - Lightning Bolt        Conj/Air       32%        1d50      4%          5
h - Swiftness             Air            72%        N/A       1%          3

Your spell library contained the following spells:

 Spells                   Type           Power      Damage    Failure   Level
 Poisonous Vapours        Pois/Air       100%       N/A       1%          2
 Conjure Flame            Conj/Fire      26%        6-21      4%          3
 Dazzling Flash           Conj/Hex       52%        N/A       4%          3
 Stone Arrow              Conj/Erth      52%        3d10      4%          3
 Sandblast                Erth           22%        2d7       6%          1
 Slow                     Hex            44%        N/A       6%          1
 Passwall                 Tmut/Erth      9%         N/A       9%          2
 Iskenderun's Mystic Bla  Conj/Tloc      27%        2d7       12%         4
 Freezing Cloud           Conj/Ice/Air   26%        6-21      14%         5
 Ignite Poison            Fire/Tmut/Pois 11%        N/A       17%         3
 Conjure Ball Lightning   Conj/Air       32%        3x3d10    22%         6
 Cause Fear               Hex            5%         N/A       50%         4
 Starburst                Conj/Fire      13%        6d5       91%         6
 Maxwell's Capacitive Co  Air            36%        ∞         99%         8
 Dragon Form              Tmut           5%         N/A       100%        7
 Dragon's Call            Summ           7%         N/A       100%        9


Dungeon Overview and Level Annotations

Branches:
Dungeon (12/15)            Temple (1/1) D:6            Lair (3/6) D:10
Ossuary (visited)
  Swamp: Lair:2-4    Shoals: Lair:2-4     Snake: Lair:2-4    Spider: Lair:2-4
    Orc: D:9-12

Altars:
Ashenzari
Cheibriados
Dithmenos
Elyvilon
Fedhas
Gozag
Hepliaklqana
Kikubaaqudgha
Makhleb
Nemelex Xobeh
Okawaru
Qazlal
Ru
Sif Muna
Trog
Uskayaw
Vehumet
Wu Jian
Xom
Yredelemnul
Zin
The Shining One

Shops:
D:2 *   D:4 :   D:8 [

Portals:
Trove: D:10 (give 5 scrolls of fear)

Annotations:
D:11 Nergalle


Innate Abilities, Weirdness & Mutations

You have a pair of antennae on your head.
You are partially covered in molten scales. (AC +2)
A demonic guardian rushes to your aid.
A meltable icy envelope protects you from harm. (AC +4)
A meltable shield of frost defends you. (SH +4)
Your body often deteriorates upon taking damage.
Your magical capacity is low. (-10% MP)
You occasionally shout uncontrollably at your foes.


Message History

The cane toad is severely wounded.
The cane toad stings you.
Casting: Magic Dart (safe; 1% risk of failure)
Confirm with . or Enter, or press ? or * to list all spells.
Aiming: Magic Dart (safe; 1% risk of failure)
Press: ? - help, Shift-Dir - straight line, f/p - cane toad
Aim: a cane toad (severely wounded, 100% to hit)
The magic dart hits the cane toad but does no damage.
The cane toad is severely wounded.
The cane toad misses you.
Casting: Magic Dart (safe; 1% risk of failure)
Confirm with . or Enter, or press ? or * to list all spells.
You feel a surge of power!
You miscast Static Discharge.
You are very lightly contaminated with residual magic.
Nothing appears to happen.
The cane toad stings you!!
Your body deteriorates!
You feel weakened.
You are poisoned.
The cane toad poisons you!
Unknown command.
Casting: Static Discharge (safe; 1% risk of failure)
Confirm with . or Enter, or press ? or * to list all spells.
You feel a surge of power!
The cane toad is struck by an arc of lightning.
The cane toad is almost dead.
The komodo dragon is struck by an arc of lightning!
The komodo dragon is lightly wounded.
The lightning grounds out.
You feel very sick.
The komodo dragon hisses menacingly.
The komodo dragon bites you!!
Your body deteriorates!
You feel clumsy. The cane toad stings you!
* * * LOW HITPOINT WARNING * * *
Your body deteriorates!
You feel clumsy.
Okay, then.
Okay, then.
You feel better. You block the cane toad's attack.
The komodo dragon bites you!!
* * * LOW HITPOINT WARNING * * *
A demonic guardian appears!
The cane toad stings you!
You die...

......#..####...####.#
.....................
.........P...........
####...#.P##....#...
#....####...## ##..##
##...# . # #...# #..##
##... ###....#
##.#...##......
................@F......
.... .........l......
.### #.##..3#..##....
..# # #P..##.# ... .##
##..# ## . .# #..#
.####.....###..
............
............


You could see a komodo dragon (ally target), a cane toad and a friendly smoke
demon (summoned).

Vanquished Creatures
  A two-headed ogre (D:10)
  2 centaur zombies
  6 cane toads
  A komodo dragon (Lair:3)
  A yaktaur (D:11)
  3 trolls
  5 blink frogs (Lair:2)
  A hornet (D:10)
  A vampire (D:12)
  2 shadows
  12 yaks
  A steam dragon (D:8)
  A sky beast (D:3)
  4 orc warriors
  An ice beast (D:6)
  2 ogres
  4 centaurs
  A necrophage (D:8)
  8 wolves
  4 bullfrogs
  A scorpion (D:4)
  A water moccasin zombie (Ossuary)
  13 killer bees
  2 howler monkeys
  4 electric eels (D:10)
  4 bullfrog zombies
  A jelly (D:4)
  A centaur skeleton (D:6)
  2 orc priests
  4 hounds
  A bullfrog skeleton (D:7)
  4 iguanas
  7 orc wizards
  A killer bee zombie (D:9)
  2 hound skeletons
  3 mummies
  2 gnolls
  3 adders
  6 adder zombies (Ossuary)
  A worm (D:4)
  2 dart slugs (D:4)
  28 orcs
  3 bats
  2 endoplasms
  2 giant cockroaches (D:2)
  4 goblins
  11 hobgoblins
  10 jackals
  4 quokkas
  2 ball pythons (D:1)
  2 frilled lizards (D:1)
  3 gnoll zombies (Ossuary)
  4 hobgoblin zombies
  3 kobolds
  5 kobold zombies (Ossuary)
  10 orc zombies
  A rat (D:3)
220 creatures vanquished.

Vanquished Creatures (collateral kills)
  A hydra (Lair:3)
  A two-headed ogre (D:11)
  A black mamba (Lair:1)
  2 komodo dragons (Lair:2)
  A rime drake (Lair:2)
  A kobold demonologist (D:11)
  A troll (D:10)
  A wind drake (Lair:3)
  A wraith (D:9)
  2 shadows (D:11)
  A wyvern (D:10)
  A basilisk (Lair:2)
  7 yaks
  A nameless horror (D:9)
  2 orc warriors
  2 sky beasts
  A wolf (D:10)
  2 centaurs
  A gnoll sergeant (D:9)
  A scorpion (D:6)
  3 bullfrogs
  9 killer bees (D:9)
  3 electric eels (D:10)
  A bullfrog zombie (D:5)
  A centaur zombie (D:9)
  A hound (D:4)
  2 orc priests (D:9)
  2 iguanas (D:5)
  An orc wizard (D:5)
  Natasha (D:3)
  2 howler monkey zombies
  3 adders
  5 gnolls
  A worm (D:4)
  2 dart slugs (D:2)
  3 orcs
  An endoplasm (D:4)
  4 goblins
  4 hobgoblins
  2 jackals (D:3)
82 creatures vanquished.

Vanquished Creatures (others)
  13 fungi
  115 plants
128 creatures vanquished.

Grand Total: 430 creatures vanquished

Notes
Turn   | Place    | Note
-------+----------+-------------------------------------------
     0 | D:1      | Rennog the Demonspawn Hedge Wizard began the quest for the
                  | Orb.
     0 | D:1      | Reached XP level 1. HP: 13/13 MP: 4/4
   525 | D:1      | Gained mutation: You have a pair of small antennae on your
                  | head. [demonic ancestry]
   525 | D:1      | Reached XP level 2. HP: 19/19 MP: 0/6
  1792 | D:2      | Learned a level 2 spell: Call Imp
  1956 | D:2      | Gained mutation: A weak demonic guardian rushes to your
                  | aid. [demonic ancestry]
  1956 | D:2      | Reached XP level 3. HP: 24/24 MP: 3/8
  2023 | D:2      | Found Betiz's Assorted Antiques.
  2763 | D:2      | You fall into a shaft and drop 1 floor!
  3021 | D:3      | Noticed a sky beast
  3042 | D:3      | Reached skill level 1 in Air Magic
  3257 | D:3      | Learned a level 3 spell: Mephitic Cloud
  3341 | D:4      | Reached XP level 4. HP: 30/30 MP: 1/10
  3721 | D:4      | Gained mutation: A demonic guardian rushes to your aid.
                  | [demonic ancestry]
  3721 | D:4      | Reached XP level 5. HP: 32/35 MP: 2/12
  3726 | D:4      | Reached skill level 5 in Spellcasting
  4156 | D:3      | Learned a level 2 spell: Static Discharge
  4201 | D:3      | Noticed Natasha
  4214 | D:3      | Killed Natasha
  4342 | D:3      | Killed a sky beast
  4343 | D:3      | Reached XP level 6. HP: 33/41 MP: 4/13
  4710 | D:3      | Found a faded altar of an unknown god.
  4765 | D:3      | Prayed at the altar of an unknown god.
  4765 | D:3      | Became a worshipper of Xom of Chaos
  5715 | D:4      | XOM: noise
  5750 | D:4      | Found Igengoo's Book Boutique.
  5825 | D:5      | Entered Level 5 of the Dungeon
  5956 | D:5      | XOM: 2-stop teleportation journey
  5961 | D:5      | XOM: divination: magic mapping
  5977 | D:5      | XOM: confusion (+ monsters)
  6071 | D:5      | Reached skill level 1 in Fighting
  6082 | D:5      | Noticed a sky beast
  6227 | D:5      | Gained mutation: You are partially covered in molten
                  | scales. (AC +2) [demonic ancestry]
  6227 | D:5      | Reached XP level 7. HP: 48/48 MP: 11/14
  6383 | D:5      | XOM: polymorph crimson imp -> lemure
  6703 | D:5      | XOM: god gift: 10 arrows
  6843 | D:5      | XOM: god gift: scroll labelled PEPAME IXAUQA {god gift}
  6980 | D:5      | XOM: fog
  7264 | D:5      | Reached skill level 5 in Air Magic
  7467 | D:5      | XOM: confuse monster(s)
  7470 | D:5      | Gained mutation: A meltable shield of frost defends you.
                  | (SH +4) [demonic ancestry]
  7470 | D:5      | Reached XP level 8. HP: 55/57 MP: 7/15
  7482 | D:5      | XOM: god gift: runed onyx ring {god gift}
  7794 | D:5      | Learned a level 2 spell: Blink
  7856 | D:6      | Reached skill level 5 in Conjurations
  8048 | D:6      | Found a staircase to the Ecumenical Temple.
  8140 | Temple   | Entered the Ecumenical Temple
  8384 | Temple   | Fell from the grace of Xom
  8384 | Temple   | Became a worshipper of Sif Muna the Loreminder
  8547 | D:6      | XOM: noise
  9455 | D:6      | XOM: give mutations
  9455 | D:6      | Gained mutation: You are dopey. (Int -2) [Xom's mischief]
  9455 | D:6      | Gained mutation: You sometimes lose the ability to read
                  | scrolls when taking damage. [Xom's mischief]
  9728 | D:7      | XOM: noise
  9739 | D:7      | XOM: chaos upgrade
  9784 | D:6      | XOM: give mutations
  9784 | D:6      | Gained mutation: Your body sometimes deteriorates upon
                  | taking damage. [Xom's mischief]
  9784 | D:6      | Gained mutation: Armour fits poorly on your strangely
                  | shaped body. [Xom's mischief]
  9784 | D:6      | Lost mutation: You are dopey. (Int -2) [Xom's mischief]
  9973 | D:7      | Reached * piety under Sif Muna
 10009 | D:7      | Found a sand-covered staircase.
 10013 | Ossuary  | Entered an ossuary
 10410 | Ossuary  | Reached ** piety under Sif Muna
 10411 | Ossuary  | Gained mutation: A meltable icy envelope protects you from
                  | harm. (AC +4) [demonic ancestry]
 10411 | Ossuary  | Reached XP level 9. HP: 61/65 MP: 3/16
 10450 | Ossuary  | XOM: give mutations
 10450 | Ossuary  | Gained mutation: You occasionally shout uncontrollably at
                  | your foes. [Xom's mischief]
 10450 | Ossuary  | Gained mutation: Your magical capacity is low. (-10% MP)
                  | [Xom's mischief]
 10450 | Ossuary  | Gained mutation: Your magical capacity is very low. (-20%
                  | MP) [Xom's mischief]
 10450 | Ossuary  | Gained mutation: Your body often deteriorates upon taking
                  | damage. [Xom's mischief]
 10580 | Ossuary  | XOM: give mutations
 10580 | Ossuary  | Lost mutation: Your magical capacity is very low. (-20% MP)
                  | [Xom's mischief]
 10580 | Ossuary  | Lost mutation: Armour fits poorly on your strangely shaped
                  | body. [Xom's mischief]
 10580 | Ossuary  | Lost mutation: You sometimes lose the ability to read
                  | scrolls when taking damage. [Xom's mischief]
 11098 | D:7      | XOM: summons 1 hostile shadow creature
 11282 | D:8      | XOM: noise
 11302 | D:8      | XOM: 2-stop teleportation journey
 11353 | D:8      | Found Busmoet's Armour Shop.
 11373 | D:8      | Identified the +6 flail of Qefimamm {vorpal, rN+}
 11459 | D:8      | Reached skill level 1 in Staves
 12075 | D:8      | Bought the +0 pair of boots "Foag" {Contam rN+ Slay+6} for
                  | 423 gold pieces
 12142 | D:8      | Identified a scroll of acquirement
 12156 | D:8      | Acquired the Collected Works on Flight
 12163 | D:8      | Learned a level 4 spell: Summon Lightning Spire
 12634 | D:9      | Reached *** piety under Sif Muna
 12822 | D:9      | Reached XP level 10. HP: 69/71 MP: 12/18
 12869 | D:9      | Learned a level 5 spell: Lightning Bolt
 13018 | D:9      | Found an ancient bone altar of Kikubaaqudgha.
 14029 | D:10     | Entered Level 10 of the Dungeon
 14583 | D:10     | XOM: noise
 14871 | D:10     | XOM: noise
 14876 | D:10     | Learned a level 3 spell: Swiftness
 14889 | D:10     | Found a staircase to the Lair.
 15041 | D:10     | XOM: silly message
 15157 | D:10     | Reached **** piety under Sif Muna
 15294 | D:10     | XOM: silly message
 15319 | D:10     | XOM: silly message
 15593 | D:10     | Noticed a two-headed ogre
 15597 | D:10     | Killed a two-headed ogre
 15598 | D:10     | Reached XP level 11. HP: 74/77 MP: 6/21
 15794 | D:10     | XOM: silly message
 15977 | D:10     | Found a portal to a secret trove of treasure.
 16104 | D:10     | XOM: silly message
 16239 | D:10     | XOM: silly message
 16311 | D:10     | XOM: divination: detect items
 16571 | D:11     | Reached skill level 10 in Air Magic
 16572 | D:11     | Noticed a two-headed ogre
 16577 | D:11     | Killed a two-headed ogre
 16578 | D:11     | Reached skill level 5 in Staves
 16764 | D:11     | XOM: silly message
 16854 | D:11     | Noticed Nergalle
 17189 | D:11     | XOM: silly message
 17798 | D:10     | XOM: silly message
 17914 | Lair:1   | Entered Level 1 of the Lair of Beasts
 17975 | Lair:1   | XOM: silly message
 18064 | Lair:1   | You fall into a shaft and drop 1 floor!
 18345 | Lair:2   | Reached skill level 10 in Spellcasting
 18768 | Lair:2   | Reached skill level 1 in Invocations
 19088 | Lair:2   | XOM: noise
 19088 | Lair:2   | Was forgiven by Xom
 19178 | Lair:2   | Gained mutation: You have a pair of antennae on your head.
                  | [demonic ancestry]
 19178 | Lair:2   | Reached XP level 12. HP: 77/83 MP: 4/23
 19500 | Lair:2   | Reached skill level 5 in Invocations
 20019 | Lair:3   | Noticed a seven-headed hydra
 20030 | Lair:3   | Killed a seven-headed hydra
 20407 | Lair:3   | Mangled by a cane toad

Illustrated notes

Levels and vault maps discovered:
D:1:      dpeg_arrival_central, layout_loops_ring
D:2:      layout_basic, serial_shops, shop
D:3:      layout_basic, chequers_ecumenical_altar_lobes, serial_bayou_lake_a,
          uniq_natasha
D:4:      layout_basic, serial_shops, nicolae_shop_statue_plus
D:5:      corexii_shack_village, layout_rooms, serial_bayou,
          serial_bayou_pond_a, serial_bayou_shore_a, serial_bayou_shore_b,
          serial_bayou_pond_e, minivault_5
D:6:      layout_cave_pods, minmay_temple_entry_grid
D:7:      layout_rooms, nicolae_ossuary_entry_giza
D:8:      layout_basic, serial_shops, shop, kennysheep_small_spiral
D:9:      layout_layer_cave, mainiacjoe_overflow_alcove_4
D:10:     layout_loops_ring, erik_lair_island, serial_bayou,
          serial_bayou_pond_b, serial_bayou_lagoon_b, serial_bayou_pond_a,
          serial_bayou_pond_d, serial_bayou_pond_c, serial_bayou_shore_b,
          nicolae_trove_entry_diagonal, minmay_misc_feat_cross
D:11:     layout_roguey, gauntlet_entry_generic, uniq_nergalle
D:12:     layout_cave_pools, orc_0_dummy, kennysheep_generic_room_12,
          uniq_frances
Temple:   compressed_dpeg_triangle_lava_temple
Lair:1:   layout_gridlike, serial_forest, infiniplex_forest_fountain,
          infiniplex_forest_lined_2, infiniplex_forest_straight_1,
          infiniplex_forest_clump_cross, infiniplex_forest_straight_4,
          infiniplex_forest_join, infiniplex_forest_clump_tiny,
          grunt_megastairs_4, infiniplex_staircase_pool, lemuel_fruit_tree,
          serial_bayou_shore_b
Lair:2:   layout_hall_layers
Lair:3:   layout_small_grid, minmay_shoals_entry_beasts, serial_bayou_shore_b,
          serial_bayou_shore_b

Skill      XL: |  1  2  3  4  5  6  7  8  9 10 11 12 |
---------------+-------------------------------------+-----
Spellcasting   | 4 5 6 8 10 11 | 11.1
Air Magic      | 1 2 3 5 6 8 9 11 | 11.0
Conjurations   | 2 3 4 6 |  6.8
Fighting       | 1 2 4 |  4.1
Staves         | 3 4 6 |  6.0
Invocations    | 4 6 |  6.5
Dodging        | |  1.7
Stealth        | |  1.7
Summonings     | |  1.0
Translocations | |  0.8

Action                   |  1- 3 |  4- 6 |  7- 9 | 10-12 || total
-------------------------+-------+-------+-------+-------++-------
Melee: Dagger            |    39 |    62 |    26 |       ||   127
       Punch             |     1 |     1 |     1 |       ||     3
       Staff             |       |       |    63 |    44 ||   107
 Cast: Magic Dart        |    94 |    80 |   173 |   128 ||   475
       Call Imp          |     9 |    19 |    21 |     1 ||    50
       Static Discharge  |       |    12 |    84 |   115 ||   211
       Mephitic Cloud    |       |     1 |     4 |     1 ||     6
       Summon Lightning  |       |       |     8 |    34 ||    42
       Lightning Bolt    |       |       |       |    16 ||    16
  Use: Scroll            |       |       |    15 |     1 ||    16
       Potion            |       |       |       |     1 ||     1
 Stab: Sleeping          |     1 |       |     1 |       ||     2
       Distracted        |     2 |       |     3 |       ||     5
Armor: Robe              |    33 |    32 |   101 |    69 ||   235
Dodge: Dodged            |    76 |    75 |   121 |   119 ||   391
Block: Other             |       |       |    24 |    33 ||    57
       Orb               |       |       |     5 |       ||     5

Table legend: (Time is in decaauts)
 A = Elapsed time spent in this place.
 B = Non-inter-level travel time spent in this place.
 C = Inter-level travel time spent in this place.
 D = Time resting spent in this place.
 E = Time spent auto-exploring this place.
 F = Levels seen in this place.
 G = Mean time per level.
                   A        B        C        D        E       F      G
               +--------+--------+--------+--------+--------+-----+--------+
         Total |  20502 |  19254 |   1248 |   1208 |  15042 |  17 | 1206.0 |
       Dungeon |  17128 |  15956 |   1172 |   1059 |  12342 |  12 | 1427.3 |
        Temple |    253 |    213 |     40 |      0 |    199 |   1 |  253.0 |
          Lair |   2491 |   2455 |     36 |      0 |   2105 |   3 |  830.3 |
       Ossuary |    629 |    629 |      0 |    149 |    396 |   1 |  629.0 |
               +--------+--------+--------+--------+--------+-----+--------+

Top non-repeatable levels by time:
    D:10: 2499 daAuts
     D:9: 2223 daAuts
     D:4: 2010 daAuts
     D:5: 1799 daAuts
     D:1: 1773 daAuts
     D:6: 1754 daAuts
  Lair:2: 1749 daAuts
     D:3: 1348 daAuts
     D:8: 1028 daAuts
    D:11: 995 daAuts
     D:2: 989 daAuts
     D:7: 700 daAuts
 Ossuary: 629 daAuts
  Lair:3: 592 daAuts
  Temple: 253 daAuts
